 Dungeon Crawl Stone Soup version 0.27.1-33-g824d729ab1 (webtiles) character file.

Game seed: 17833799431007216639

136 zeram the Caller (level 5, -13/35 HPs)
             Began as a Merfolk Summoner on Dec 16, 2021.
             Shot with a sling bullet by Joseph (19 damage)
             ... on level 7 of the Dungeon.
             The game lasted 00:12:10 (5807 turns).

zeram the Caller (Merfolk Summoner)                 Turns: 5807, Time: 00:12:10

Health: -13/35     AC:  2    Str:  8    XL:     5   Next: 19%
Magic:  3/8        EV: 14    Int: 16    God:
Gold:   125        SH:  0    Dex: 20    Spells: 2/8 levels left

rFire    . . .     SeeInvis .   b - +1 dagger
rCold    . . .     Faith    .   (no shield)
rNeg     . . .     Spirit   .   a - +0 robe
rPois    .         Reflect  .   (no helmet)
rElec    .         Harm     .   (no cloak)
rCorr    .         Rampage  .   (no gloves)
Will     .....                  (no boots)
Stlth    ++........             (no amulet)
HPRegen  0.11/turn              c - +6 ring of dexterity
MPRegen  0.11/turn              (no ring)

@: no status effects
A: (nimble swimmer 2), mertail
a: no special abilities


You were on level 7 of the Dungeon.
You visited 1 branch of the dungeon, and saw 5 of its levels.

You collected 125 gold pieces.

Inventory:

Hand Weapons
 b - a +1 dagger (weapon)
Missiles
 f - 110 stones (quivered)
Armour
 a - a +0 robe (worn)
Jewellery
 c - a +6 ring of dexterity (left hand)
Scrolls
 d - 2 scrolls of fog
Potions
 e - a potion of haste {unknown}
 g - a potion of cancellation


   Skills:
 + Level 3.6 Dodging
 - Level 2.1 Stealth
 - Level 2.0 Spellcasting
 + Level 6.0 Summonings


You had 2 spell levels left.
You knew the following spells:

 Your Spells              Type           Power      Damage    Failure   Level
a - Summon Small Mammal   Summ           80%        N/A       1%          1
b - Call Imp              Summ           20%        N/A       2%          2
c - Call Canine Familiar  Summ           20%        N/A       5%          3

Your spell library contained the following spells:

 Spells                   Type           Power      Damage    Failure   Level
 Summon Guardian Golem    Hex/Summ       11%        N/A       19%         3
 Summon Lightning Spire   Summ/Air       11%        N/A       52%         4


Dungeon Overview and Level Annotations

Branches:
Dungeon (4/15)
 Temple: D:4-7

Altars:

Shops:
D:1 (

Annotations:
D:7 Joseph


Innate Abilities, Weirdness & Mutations

((You are quick and stealthy near water. (Stealth+, EV+, Speed+++)))
Your lower body shifts to a powerful aquatic tail in water.


Message History

Found a stone staircase leading down.
Joseph, a Mercenary comes into view.
He is wielding a +0 quarterstaff.
Joseph shouts!
Joseph unwields a +0 quarterstaff.
Joseph wields a +0 hunting sling.
Joseph shoots a sling bullet.
The sling bullet barely misses you.
Casting: Call Imp (safe; 2% risk of failure)
Confirm with . or Enter, or press ? or * to list all spells.
A beastly little devil appears in a puff of flame.
Joseph shoots a sling bullet.
The sling bullet misses you. The sling bullet hits your crimson imp!
Your crimson imp dies!
Your crimson imp disappears in a puff of smoke!
Joseph shoots a sling bullet.
The sling bullet barely misses you.
Casting: Call Imp (safe; 2% risk of failure)
Confirm with . or Enter, or press ? or * to list all spells.
A beastly little devil appears in a puff of flame.
Joseph says, "You will never get the ORB, sorry."
Joseph shoots a sling bullet.
The sling bullet barely misses your crimson imp.
The sling bullet hits you!
Something barely misses your crimson imp.
An iguana comes into view.
Joseph unwields a +0 quarterstaff.
Joseph wields a +0 hunting sling.
Joseph shoots a sling bullet.
The sling bullet hits your crimson imp!
Your crimson imp blinks!
Casting: Call Imp (safe; 2% risk of failure)
Confirm with . or Enter, or press ? or * to list all spells.
A beastly little devil appears in a puff of flame.
Joseph shoots a sling bullet.
The sling bullet barely misses your crimson imp.
The sling bullet barely misses you.
Joseph shoots a sling bullet.
The sling bullet hits your crimson imp!
Your crimson imp dies!
Your crimson imp disappears in a puff of smoke!
Found a thin glowing staff.
Joseph shoots a sling bullet.
The sling bullet hits you!
* * * LOW HITPOINT WARNING * * *
Joseph shoots a sling bullet.
The sling bullet hits you!!
Ouch! That really hurt!
You die...

#######...#
#...@.##
#.........#
#.#.......
#.........#
#.#$.#....
#.........####@#..#
...
........##.....>#
.. #...# #.#....# .
#...#####@#....#
#.......#.#..#
#@#..........#
#.#.###...#.##
|.#.# ....#.#
...#.# ...l#
....#.. #.#...
.....### #.#.#.#
......# .#.#.#
##.###.#


You could see Joseph.

Vanquished Creatures
  2 orc priests (D:3)
  An adder skeleton (D:4)
  An orc (D:3)
  2 ball pythons
  4 endoplasms
  A giant cockroach (D:1)
  2 goblins (D:3)
  2 hobgoblins
  2 kobolds (D:1)
  3 quokkas
  2 bats
  3 frilled lizards
  2 rats
27 creatures vanquished.

Vanquished Creatures (collateral kills)
  2 orc wizards (D:3)
  2 adders (D:3)
  2 dart slugs
  5 orcs (D:3)
  An endoplasm (D:3)
  4 goblins
  6 hobgoblins
  3 jackals (D:1)
  2 quokkas (D:2)
  2 ball pythons (D:3)
  2 bats (D:3)
  A frilled lizard (D:3)
  2 kobolds
  2 rats
36 creatures vanquished.

Grand Total: 63 creatures vanquished

Notes
Turn   | Place    | Note
-------+----------+-------------------------------------------
     0 | D:1      | zeram the Merfolk Summoner began the quest for the Orb.
     0 | D:1      | Reached XP level 1. HP: 13/13 MP: 3/3
   323 | D:1      | Found Loz Ysy's Antique Weapon Shoppe.
   480 | D:1      | Reached XP level 2. HP: 19/19 MP: 0/5
   845 | D:1      | Learned a level 2 spell: Call Imp
  2595 | D:2      | Found a faded altar of an unknown god.
  2768 | D:2      | Reached XP level 3. HP: 24/24 MP: 2/6
  2772 | D:2      | Learned a level 3 spell: Call Canine Familiar
  3383 | D:3      | Reached skill level 5 in Summonings
  3461 | D:3      | Reached XP level 4. HP: 16/30 MP: 2/7
  5032 | D:3      | Reached XP level 5. HP: 24/35 MP: 2/8
  5035 | D:3      | Reached skill level 6 in Summonings
  5780 | D:4      | You fall into a shaft and drop 3 floors!
  5789 | D:7      | Noticed Joseph
  5807 | D:7      | Shot with a sling bullet by Joseph

Illustrated notes

Levels and vault maps discovered:
D:1:      dpeg_arrival_radiant, layout_basic, serial_shops, shop
D:2:      layout_basic, ebering_ecumenical_altar_petrified, kennysheep_boxes
D:3:      layout_loops_corners, minmay_puff
D:4:      layout_loops_corners, overflow_temple_1_default,
          mainiacjoe_overflow_small_starburst, nicolae_tso_carved_into_rock,
          st_stairs_13
D:7:      layout_basic, lemuel_doored_altar, minmay_temple_entry_hall,
          enter_bailey_6, uniq_joseph

Skill      XL: |  1  2  3  4  5 |
---------------+----------------+-----
Dodging        | 3 |  3.6
Summonings     | 5 6 |  6.0
Stealth        | |  2.1
Spellcasting   | |  2.0

Action                   |  1- 3 |  4- 6 || total
-------------------------+-------+-------++-------
Melee: Unarmed           |    42 |       ||    42
       Dagger            |    68 |    69 ||   137
 Cast: Summon Small Mamm |    24 |     3 ||    27
       Call Imp          |    18 |    26 ||    44
       Call Canine Famil |     1 |     3 ||     4
  Use: Scroll            |     2 |     6 ||     8
       Potion            |     1 |       ||     1
 Stab: Sleeping          |     9 |     3 ||    12
       Distracted        |     2 |     1 ||     3
Armor: Robe              |    16 |    10 ||    26
Dodge: Dodged            |    75 |    72 ||   147
